 Dungeon Crawl Stone Soup version 0.28.0-1-gb440e238dd (webtiles) character file.

Game seed: 13401968312827466152

170 a3don the Skirmisher (level 5, 0/47 HPs)
             Began as a Hill Orc Fighter on Feb 21, 2022.
             Slain by Grinder (2 damage)
             ... on level 3 of the Dungeon.
             The game lasted 00:02:51 (3259 turns).

a3don the Skirmisher (Hill Orc Fighter)             Turns: 3259, Time: 00:02:51

Health: 0/47       AC:  7    Str: 19    XL:     5   Next: 50%
Magic:  5/5        EV:  9    Int: 10    God:
Gold:   97         SH:  4    Dex: 10    Spells: 4/4 levels left

rFire   . . .      SeeInvis .   a - +0 war axe
rCold   . . .      Faith    .   c - +0 buckler
rNeg    . . .      Spirit   .   b - +0 scale mail
rPois   .          Reflect  .   (no helmet)
rElec   .          Harm     .   (no cloak)
rCorr   .          Rampage  .   (no gloves)
Will    .....                   (no boots)
Stlth   ..........              (no amulet)
HPRegen 0.15/turn               (no ring)
MPRegen 0.09/turn               (no ring)

@: mighty, hasted, very quick
A: no striking features
a: no special abilities


You were on level 3 of the Dungeon.
You visited 1 branch of the dungeon, and saw 3 of its levels.

You collected 97 gold pieces.

Inventory:

Hand Weapons
 a - a +0 war axe (weapon)
 j - a +0 dagger of venom
Missiles
 k - 7 poisoned darts
 n - 27 stones (quivered)
Armour
 b - a +0 scale mail (worn)
 c - a +0 buckler (worn)
Scrolls
 e - a scroll of fog {unknown}
 g - a scroll of noise {unknown}
 h - a scroll of vulnerability {unknown}
 i - 3 scrolls of magic mapping
 l - a scroll of blinking {unknown}


   Skills:
 + Level 4.8 Fighting
 + Level 4.3 Axes
 + Level 4.3 Armour
 + Level 4.3 Shields


You had 4 spell levels left.
You didn't know any spells.
Your spell library was empty.

Dungeon Overview and Level Annotations

Branches:
Dungeon (3/15)

Altars:
Sif Muna

Shops:
D:2 (

Annotations:
D:3 Grinder


Message History

Grinder gestures at you.
You barely resist.
You feel much better. Grinder gestures at you. Pain shoots through your body!
You feel very mighty all of a sudden. Grinder hits you.
* * * LOW HITPOINT WARNING * * *
You feel yourself speed up. Grinder hits you but does no damage.
You closely miss Grinder. You closely miss Grinder.
Grinder hits you but does no damage.
You slash Grinder!
Grinder is moderately wounded.
Grinder hits you but does no damage.
You barely miss Grinder.
Grinder is moderately wounded.
Grinder gestures at you. Pain shoots through your body!
* * * LOW HITPOINT WARNING * * *
You barely miss Grinder.
Grinder is moderately wounded.
Grinder blinks!
Throw: 8 darts (poison)
Press: ? - help, Shift-Dir - straight line, f - Grinder
Aim: Grinder (moderately wounded, 53% to hit)
You throw a poisoned dart.
The poisoned dart barely misses Grinder.
Grinder gestures at you.
You suddenly lose the ability to move!
You can move again.
You slash Grinder!
Grinder is heavily wounded.
Grinder hits you!
* * * LOW HITPOINT WARNING * * *
You slash Grinder!
Grinder is almost dead.
Grinder hits you.
* * * LOW HITPOINT WARNING * * *
You writhe in agony.
You die...

......... ##.
#...?.. ## ###.....
# ##......#
......#.# .# # ..
#.#...###.... ##
...###.#......# ##.
#..#...#.#5##.# #..
#.... #..#@# .. ##.
#...##.#..# ## ##..
##......#.#### #...
.##............#
##..
....###...#.##.....
#...
##..##.............
##.#.
.........#.........
#....
##.....###.#####..
#.... #.##...##.# .
#.##.


You could see Grinder.

Vanquished Creatures
  A hound (D:2)
  An iguana (D:2)
  3 adders (D:2)
  A worm (D:2)
  2 dart slugs
  3 orcs
  3 ball pythons
  4 bats
  7 endoplasms
  4 giant cockroaches
  5 hobgoblins (D:2)
  10 jackals
  4 quokkas
  3 frilled lizards
  10 goblins
  5 kobolds
  2 rats
68 creatures vanquished.

Notes
Turn   | Place    | Note
-------+----------+-------------------------------------------
     0 | D:1      | a3don the Hill Orc Fighter began the quest for the Orb.
     0 | D:1      | Reached XP level 1. HP: 19/19 MP: 1/1
   171 | D:1      | Reached XP level 2. HP: 27/27 MP: 2/2
   762 | D:1      | Reached XP level 3. HP: 33/33 MP: 3/3
  1034 | D:2      | Found Omoint's Antique Weapon Shoppe.
  1378 | D:2      | Reached XP level 4. HP: 27/40 MP: 4/4
  2291 | D:2      | Found a shimmering blue altar of Sif Muna.
  2483 | D:2      | Reached XP level 5. HP: 31/47 MP: 5/5
  3222 | D:3      | Noticed Grinder
  3235 | D:3      | Paralysed by Grinder for 7 turns
  3252 | D:3      | Paralysed by Grinder for 5 turns
  3259 | D:3      | HP: 2/47 [Grinder (3)]
  3259 | D:3      | Slain by Grinder

Illustrated notes

Levels and vault maps discovered:
D:1:      erik_arrival_blinker_ship, layout_basic
D:2:      layout_loops_corners, serial_shops, nicolae_lakefront_shop,
          basic_altar, st_stairs_10
D:3:      layout_rooms, basic_ecumenical_altar, nicolae_figureground_sparkle,
          uniq_grinder

Skill      XL: |  1  2  3  4 |
---------------+-------------+-----
Axes           | 3 4 |  4.3
Fighting       | 4 |  4.8
Armour         | 4 |  4.3
Shields        | 4 |  4.3

Action                   |  1- 3 |  4- 6 || total
-------------------------+-------+-------++-------
Melee: War axe           |    93 |   104 ||   197
Throw: Dart              |       |     1 ||     1
  Use: Scroll            |       |     3 ||     3
       Potion            |       |     3 ||     3
Armor: Scale mail        |    53 |    61 ||   114
Dodge: Dodged            |    46 |    57 ||   103
Block: Buckler           |    22 |    26 ||    48
